 Dungeon Crawl Stone Soup version 0.27.1-33-g824d729ab1 (webtiles) character file.

Game seed: 12675467594293280209

77 DenSaoPin the Chopper (level 4, 0/39 HPs)
             Began as a Hill Orc Monk on Nov 25, 2021.
             Killed from afar by Natasha (11 damage)
             ... with a magic dart
             ... on level 2 of the Dungeon.
             The game lasted 00:03:21 (2891 turns).

DenSaoPin the Chopper (Hill Orc Monk)               Turns: 2891, Time: 00:03:22

Health: 0/39       AC:  5    Str: 14    XL:     4   Next: 33%
Magic:  4/4        EV:  6    Int: 10    God:
Gold:   131        SH: 12    Dex: 13    Spells: 3/3 levels left

rFire    . . .     SeeInvis .   a - +0 hand axe
rCold    . . .     Faith    .   c - +0 tower shield
rNeg     . . .     Spirit   .   f - +0 ring mail
rPois    .         Reflect  .   (no helmet)
rElec    .         Harm     .   (no cloak)
rCorr    .         Rampage  .   (no gloves)
Will     .....                  (no boots)
Stlth    +.........             (no amulet)
HPRegen  0.13/turn              (no ring)
MPRegen  0.09/turn              (no ring)

@: brilliant
A: no striking features
a: no special abilities


You were on level 2 of the Dungeon.
You visited 1 branch of the dungeon, and saw 2 of its levels.

You collected 131 gold pieces.

Inventory:

Hand Weapons
 a - a +0 hand axe (weapon)
Armour
 b - a +0 robe
 c - a +0 tower shield (worn)
 f - a +0 ring mail (worn)
Jewellery
 e - a ring of ice
Scrolls
 g - a scroll of magic mapping {unknown}
 i - a scroll of noise {unknown}
Potions
 h - 2 potions of lignification {unknown}


   Skills:
 - Level 3.6 Fighting
 + Level 5.0 Axes
 + Level 2.2 Armour
 - Level 2.4 Dodging
 - Level 1.5 Stealth
 + Level 2.2 Shields


You had 3 spell levels left.
You didn't know any spells.
Your spell library contained the following spells:

 Spells                   Type           Power      Damage    Failure   Level
 Blink                    Tloc           N/A        N/A       100%        2
 Lesser Beckoning         Tloc           0%         N/A       100%        3
 Manifold Assault         Tloc           0%         N/A       100%        5


Dungeon Overview and Level Annotations

Branches:
Dungeon (2/15)

Altars:

Annotations:
D:2 Natasha


Message History

The kobold hits you with a +0 short sword.
You hit the kobold.
You kill the kobold!
No target in view!
No target in view!
You see here a +0 short sword.
A dart slug comes into view.
A dart slug is nearby!
You hit the dart slug.
The dart slug is heavily wounded.
You block the dart slug's attack.
You hit the dart slug.
The dart slug is almost dead.
The dart slug bites you. The dart slug launches a dart at you.
The slug dart hits you.
You hit the dart slug.
You kill the dart slug!
No target in view!
Found a hand axe.
No target in view!
Natasha, Servant of Life and Death comes into view.
Natasha hisses angrily.
You block Natasha's attack.
You barely miss Natasha.
Natasha stares at you and mumbles some strange words.
The magic dart hits you! Natasha claws you.
You barely miss Natasha. You block Natasha's attack.
You hit Natasha.
Natasha is moderately wounded.
Natasha claws you!
Natasha howls an incantation.
Natasha glows brightly for a moment.
Natasha claws you!
* * * LOW HITPOINT WARNING * * *
It was a potion of brilliance.
You feel clever all of a sudden. Natasha casts a spell at you.
The magic dart hits you!
You die...

###### ###
.#.#.###########.#
.................#
...#.###########.#
.#.#.# #.# .#.#.# #@#
.#.#.####### #h..#
.#.....).... ..#.#
.#.#.##########.....#
.#................ .#
.###.#..######......#
.# #.......# #..... #
.#####..##.# #......
.#.......#.##


You could see Natasha.

Vanquished Creatures
  Natasha (D:2)
  2 worms (D:2)
  2 dart slugs (D:2)
  A ball python (D:1)
  2 bats
  6 endoplasms
  A giant cockroach (D:1)
  3 hobgoblins (D:1)
  2 jackals (D:2)
  2 quokkas (D:1)
  5 frilled lizards
  6 goblins
  4 kobolds
  A rat (D:1)
38 creatures vanquished.

Notes
Turn   | Place    | Note
-------+----------+-------------------------------------------
     0 | D:1      | DenSaoPin the Hill Orc Monk began the quest for the Orb.
     0 | D:1      | Reached XP level 1. HP: 19/19 MP: 1/1
   334 | D:1      | Found a faded altar of an unknown god.
   394 | D:1      | Reached XP level 2. HP: 22/26 MP: 2/2
   421 | D:1      | Reached skill level 1 in Armour
   421 | D:1      | Reached skill level 1 in Shields
  1726 | D:1      | Reached XP level 3. HP: 31/31 MP: 3/3
  1865 | D:2      | Noticed Natasha
  1877 | D:2      | Killed Natasha
  1878 | D:2      | Reached XP level 4. HP: 15/39 MP: 4/4
  2334 | D:2      | Reached skill level 5 in Axes
  2884 | D:2      | Noticed Natasha
  2891 | D:2      | Killed from afar by Natasha

Illustrated notes

Levels and vault maps discovered:
D:1:      matt_arrival_refuge, layout_basic, ebering_ecumenical_altar_rust,
          serial_bayou_pond_d, amcnicky_mini_corridor_feature,
          grunt_decor_resistance
D:2:      layout_basic, uniq_natasha

Skill      XL: |  1  2  3  4 |
---------------+-------------+-----
Armour         | 1 2 |  2.2
Shields        | 1 2 |  2.2
Axes           | 5 |  5.0
Fighting       | |  3.6
Dodging        | |  2.4
Stealth        | |  1.5

Action                   |  1- 3 |  4- 6 || total
-------------------------+-------+-------++-------
Melee: Hand axe          |    93 |    53 ||   146
  Use: Potion            |       |     1 ||     1
 Stab: Sleeping          |     1 |       ||     1
Armor: Robe              |     4 |       ||     4
       Ring mail         |    10 |    15 ||    25
Dodge: Dodged            |    30 |     6 ||    36
Block: Tower shield      |    54 |    29 ||    83
